 Dungeon Crawl Stone Soup version 0.31-a0-692-gf03d1854d5 (webtiles) character file.

Game seed: 2773484624916238656

37 qw the Shooter (level 3, -1/22 HPs)
             Began as a Gargoyle Hunter on Sept 6, 2023.
             Slain by a goblin
             ... wielding a +1 dagger of venom
             ... led by Robin
              (2 damage)
             ... on level 2 of the Dungeon.
             The game lasted 00:00:24 (1156 turns).

qw the Shooter (Gargoyle Hunter)                    Turns: 1156, Time: 00:00:24

Health: -1/22      AC:  6    Str: 14    XL:     3   Next: 39%
Magic:  3/3        EV: 11    Int:  9    God:
Gold:   51         SH:  0    Dex: 15    Spells: 2/2 levels left

rFire   . . .        Y - +0 shortbow
rCold   . . .        (shield currently unavailable)
rNeg    + . .        c - +0 leather armour
rPois   inf          (no helmet)
rElec   +            (no cloak)
rCorr   .            (no gloves)
SInv    +            (no boots)
Will    .....        (no amulet)
Stlth   ++           i - ring of see invisible
HPRegen 0.23/turn    (no ring)
MPRegen 0.08/turn

%: no passive effects
@: no status effects
A: sickness immunity, AC +3, negative energy resistance 1, electricity
resistance, torment resistance 1, petrification resistance
a: no special abilities


You were on level 2 of the Dungeon.
You visited 1 branch of the dungeon, and saw 2 of its levels.

You collected 51 gold pieces.


Innate Abilities, Weirdness & Mutations

You are immune to sickness and miasma.
Your stone body is resilient. (AC +3)
You are immune to poison.
You resist negative energy. (rN+)
You are resistant to electric shocks. (rElec)
You are resistant to unholy torment.
You are immune to petrification.


   Skills:
 + Level 2.5 Fighting
 - Level 5.0 Ranged Weapons
 - Level 1.5 Dodging
 - Level 1.1 Stealth


You had 2 spell levels left.
You didn't know any spells.
Your spell library was empty.

Inventory:

Hand Weapons
 Y - a +0 shortbow (weapon)
Armour
 a - a +0 ring mail
 c - a +0 leather armour (worn)
Jewellery
 i - a ring of see invisible (left hand)
Scrolls
 g - 2 scrolls of identify
 l - a scroll of teleportation
Potions
 b - a potion of brilliance {unknown}
 d - a potion of curing
 h - a potion of heal wounds

Dungeon Overview and Level Annotations

Branches:
Dungeon (2/15)

Altars:

Annotations:
D:2 Robin


Message History

You shoot an arrow. The arrow misses the goblin.
The arrow barely misses Robin.
The goblin shouts!
Robin points. "Kill!"
Robin throws the goblin at you! The goblin hits you but does no damage.
You shoot an arrow. The arrow hits the goblin.
You kill the goblin!
A goblin comes into view. It is wielding a +0 club.
A hobgoblin comes into view.
Robin throws the goblin at you!
You shoot an arrow. The hobgoblin shouts!
The arrow hits the goblin!
You kill the goblin!
You hear a shout!
A goblin comes into view. It is wielding a +1 dagger of venom.
Robin throws the goblin at you!
Robin roars a battlecry!
The goblins go into a battle-frenzy!
The goblin hits you with a glowing dagger.
You hear a shout!
You shoot an arrow. The goblin shouts!
The arrow hits the goblin.
The goblin is moderately wounded.
The goblin hits you with a +3 dagger.
You shoot an arrow. The arrow closely misses the goblin.
The goblin hits you with a +3 dagger.
You shoot an arrow. The arrow hits the goblin.
The goblin is severely wounded.
The goblin closely misses you.
You shoot an arrow. The arrow barely misses the goblin.
The goblin hits you with a +3 dagger.
You shoot an arrow. The arrow closely misses the goblin.
A goblin comes into view. It is wielding a +0 dagger.
The goblin misses you.
You shoot an arrow. The arrow hits the goblin.
You kill the goblin!
Robin throws the goblin at you!
The goblin hits you with a +1 dagger of venom. x2
You die...

##..........#.#######.#.#####
#..........#.# #.....# #
#..........#.###.###.#
#............#.......#
##############.#.##..#
#.#.....# #.#.....#
#)##.####.# #.@g......#
#g######### #g #) #g .. .# .


You could see Robin, a hobgoblin (strong) and 2 goblins.

Vanquished Creatures
  A dart slug (D:1)
  4 endoplasms
  A giant cockroach (D:1)
  8 goblins
  3 hobgoblins
  A kobold (D:2)
  3 quokkas
  2 ball pythons
  2 bats (D:1)
  A frilled lizard (D:1)
  4 rats (D:1)
30 creatures vanquished.

Notes
Turn   | Place    | Note
-------+----------+-------------------------------------------
     0 | D:1      | qw the Gargoyle Hunter began the quest for the Orb.
     0 | D:1      | Reached XP level 1. HP: 12/12 MP: 1/1
     0 | D:1      | 0 ||| qw: Version: 0.3-a-76-g4403597
     0 | D:1      | 0 ||| qw: Game counter: 219
     0 | D:1      | 0 ||| qw: Melee chars always use a shield: true
     0 | D:1      | 0 ||| qw: God list: Okawaru
     0 | D:1      | 0 ||| qw: Allow faded altars: false
     0 | D:1      | 0 ||| qw: Do Orc after clearing Dungeon:15 true
     0 | D:1      | 0 ||| qw: Do second Lair branch before Depths: true
     0 | D:1      | 0 ||| qw: Lair rune preference: random
     0 | D:1      | 0 ||| qw: Goals: Normal
     0 | D:1      | 0 ||| PLANNING D:1-11
   216 | D:1      | Reached XP level 2. HP: 17/17 MP: 2/2
   640 | D:1      | Reached XP level 3. HP: 21/21 MP: 3/3
   886 | D:1      | 886 ||| UPGRADING to ring of see invisible.
   887 | D:1      | 887 ||| READING scroll labelled DILLER IFEYD.
   888 | D:1      | 888 ||| READING 5 scrolls labelled XAMAAZ RIEDD.
   889 | D:1      | 889 ||| READING scroll labelled JIODENGOAF.
   890 | D:1      | 890 ||| READING 2 scrolls labelled VUUSOI YGYADIE.
   895 | D:1      | 895 ||| READING scroll labelled FUMAMM AWORGH.
   896 | D:1      | 896 ||| DRINKING 2 murky grey potions.
   897 | D:1      | 897 ||| DRINKING 2 smoky brown potions.
   898 | D:1      | 898 ||| READING 4 scrolls of identify.
   898 | D:1      | 898 ||| IDENTIFYING murky yellow potion
   899 | D:1      | 899 ||| READING 3 scrolls of identify.
   899 | D:1      | 899 ||| IDENTIFYING bubbling green potion
   900 | D:1      | 900 ||| DROPPING scroll of butterflies.
   901 | D:1      | 901 ||| DROPPING potion of attraction.
   902 | D:1      | 902 ||| DROPPING potion of lignification.
   950 | D:2      | Reached skill level 5 in Ranged Weapons
  1147 | D:2      | Noticed Robin
  1156 | D:2      | HP: 4/22 [Robin/goblin (3)]
  1156 | D:2      | HP: 1/22 [goblin/+1 dagger of venom[Robin] (3)]
  1156 | D:2      | Slain by a goblin

Levels and vault maps discovered:
D:1:      erik_arrival_cave_to_civilisation [erik_arrival_cave_to_hall],
          layout_basic, minmay_misc_feat_tiny
D:2:      layout_basic, uniq_robin

Skill      XL: |  1  2  3 |
---------------+----------+-----
Ranged Weapons | 5 |  5.0
Fighting       | |  2.5
Dodging        | |  1.5
Stealth        | |  1.1

Action                     || total
---------------------------++-------
   Fire: Shortbow          ||    79
    Use: Scroll            ||     7
         Potion            ||     2
 Armour: Leather armour    ||    22
  Dodge: Dodged            ||    10

Table legend:
 A = Non-vault XP
 B = Vault XP
 C = Vault XP percentage of total XP
 D = Non-vault monster count
 E = Vault monster count
 F = Vault count percentage of total count
                 A         B        C        D         E       F
            +---------+---------+-------+---------+---------+-------
      Total |      43 |      12 |  21.8 |      23 |       7 |  23.3
            +---------+---------+-------+---------+---------+-------
        D:1 |      35 |       2 |   5.4 |      19 |       2 |   9.5
        D:2 |       8 |      10 |  55.6 |       4 |       5 |  55.6
            +---------+---------+-------+---------+---------+-------
